 Dungeon Crawl Stone Soup version 0.24.0-28-g17ded55e90 (webtiles) character file.

Game seed: 3432356103145319104, levelgen mode: deterministic

13342 PentaManta the Covert (level 12, -9/70 HPs)
             Began as an Octopode Assassin on Nov 13, 2019.
             Was a High Priest of Dithmenos.
             Mangled by a four-headed hydra (14 damage)
             ... on level 1 of the Lair of Beasts.
             The game lasted 00:57:26 (12330 turns).

PentaManta the Covert (Octopode Assassin)          Turns: 12330, Time: 00:57:28

Health: -9/70      AC:  1    Str: 11    XL:     12   Next: 5%
Magic:  12/12      EV: 20    Int: 13    God:    Dithmenos [*****.]
Gold:   415        SH: 13    Dex: 18    Spells: 5/11 levels left

rFire    . . .     SeeInvis .   u - +2 dagger (protect)
rCold    + . .     Gourm    .   l - +1 shield
rNeg     . . .     Faith    .   (helmet restricted)
rPois    .         Spirit   .   o - amulet of regeneration
rElec    .         Reflect  .   f - ring of protection from cold
rCorr    .         Harm     .   K - ring of flight
MR       +....                  y - ring of protection from magic
Stlth    +++++++++.             (no ring)
HPRegen  0.61/turn              (no ring)
MPRegen  0.13/turn              (no ring)
                                (no ring)
                                (no ring)

@: wreathed by umbra
A: almost no armour, stealthy swim, amphibious, 8 rings, constrict 8, camouflage
1, gelatinous body 1
a: Shadow Step, Shadow Form, Renounce Religion, Evoke Flight


You were on level 1 of the Lair of Beasts.
You worshipped Dithmenos.
Dithmenos was extremely pleased with you.
You were near starving.

You visited 3 branches of the dungeon, and saw 13 of its levels.

You collected 652 gold pieces.
You spent 237 gold pieces at shops.

Inventory:

Hand Weapons
 a - a +3 dagger
 u - a +2 dagger of protection (weapon)
 z - the +2 hunting sling of the People {flame, +Blink rElec}
   (You found it on level 7 of the Dungeon)

   It causes projectiles fired from it to burn those they strike, causing extra
   injury to most foes and up to half again as much damage against particularly
   susceptible opponents.
   It insulates you from electricity.
   It lets you blink.
 G - a cursed +5 long sword
 L - a +0 scimitar
Missiles
 b - 47 poisoned darts
 m - 8 boomerangs of dispersal
 O - 3 curare-tipped darts (quivered)
 P - 70 sling bullets
Armour
 l - a +1 shield (worn)
Jewellery
 f - a ring of protection from cold (left tentacle)
 o - an amulet of regeneration (around mantle)
 y - a ring of protection from magic (on tentacle)
 K - a ring of flight (right tentacle)
Wands
 c - a wand of random effects (16)
 i - a wand of polymorph (9)
 n - a wand of iceblast (3)
 t - a wand of digging (11)
 D - a wand of flame (12)
 F - a wand of enslavement (12)
 N - a wand of clouds (3)
Scrolls
 e - 2 scrolls of amnesia
 j - 3 scrolls of enchant weapon
 p - 5 scrolls of fear
 q - 5 scrolls of remove curse
 w - 5 scrolls of identify
 A - 2 scrolls of holy word
 H - 2 scrolls of magic mapping
 J - a scroll of immolation
Potions
 g - a potion of agility
 h - 2 potions of flight
 k - 3 potions of ambrosia
 r - a potion of resistance
 s - a potion of cancellation
 x - 2 potions of curing
 B - 4 potions of haste
 C - a potion of lignification
 E - a potion of heal wounds
 I - 2 potions of mutation
Comestibles
 d - 20 rations
 v - 4 chunks of flesh


   Skills:
 - Level 2.0 Fighting
 - Level 7.0(7.7) Short Blades
 + Level 5.0(6.8) Long Blades
 - Level 2.0 Throwing
 - Level 9.4 Dodging
 + Level 12.9 Stealth
 * Level 11.8 Shields


You had 5 spell levels left.
You knew the following spells:

 Your Spells              Type           Power        Failure   Level  Hunger
a - Invisibility          Hex            #.......     100%        6    #######

Your spell library contained the following spells:

 Spells                   Type           Power        Failure   Level  Hunger
 Animate Skeleton         Necr           N/A          41%         1    ##.....
 Apportation              Tloc           #.....       41%         1    ##.....
 Pain                     Necr           #...         41%         1    ##.....
 Sting                    Conj/Pois      #...         41%         1    ##.....
 Summon Butterflies       Summ           #.......     41%         1    ##.....
 Poisonous Vapours        Pois/Air       #.....       56%         2    ###....
 Lesser Beckoning         Tloc           #.........   80%         3    ####...
 Mephitic Cloud           Conj/Pois/Air  #.......     80%         3    ####...
 Regeneration             Chrm/Necr      #.........   80%         3    ####...
 Tukima's Dance           Hex            #.......     80%         3    ####...
 Vampiric Draining        Necr           #.........   80%         3    ####...
 Animate Dead             Necr           N/A          99%         4    #####..
 Olgreb's Toxic Radiance  Pois           #.......     99%         4    #####..
 Alistair's Intoxication  Tmut/Pois      #.......     100%        5    ######.
 Venom Bolt               Conj/Pois      #.........   100%        5    ######.


Dungeon Overview and Level Annotations

Branches:
Dungeon (11/15)            Temple (1/1) D:5            Lair (1/6) D:11
    Orc (0/2) D:10

Altars:
Ashenzari
Cheibriados
Dithmenos
Elyvilon
Fedhas
Gozag
Hepliaklqana
Kikubaaqudgha
Makhleb
Nemelex Xobeh
Okawaru
Qazlal
Ru
Sif Muna
Trog
Uskayaw
Vehumet
Wu Jian
Xom
Yredelemnul
Zin
The Shining One

Shops:
D:6 }}[(*   D:8 [   D:11 }

Annotations:
D:6 exclusions: hippogriff and vampire
D:9 1 exclusion
D:10 Gastronok


Innate Abilities, Weirdness & Mutations

You cannot wear most types of armour.
You are very stealthy in the water. (Stealth+)
You are amphibious.
You can wear up to eight rings at the same time.
You can use your tentacles to constrict eight enemies at once.
Your skin changes colour to match your surroundings (Stealth+).
Your rubbery body absorbs attacks. (AC +1, EV +1)


Message History

Throwing (i - inventory. (/) - cycle)
O - 5 curare-tipped darts (quivered)
Press: ? - help, Shift-Dir - straight line, f/p - four-headed hydra
Aim: a four-headed hydra (umbra)
You throw a curare-tipped dart.
The curare-tipped dart hits the four-headed hydra.
The four-headed hydra completely misses you.
You block the four-headed hydra's attack.
The four-headed hydra barely misses you.
The four-headed hydra closely misses you.
Throwing (i - inventory. (/) - cycle)
O - 4 curare-tipped darts (quivered)
Press: ? - help, Shift-Dir - straight line, f/p - four-headed hydra
Aim: a four-headed hydra (umbra)
You throw a curare-tipped dart.
The curare-tipped dart hits the four-headed hydra.
The four-headed hydra closely misses you.
The four-headed hydra bites you.
* * * LOW HITPOINT WARNING * * *
The four-headed hydra barely misses you.
The four-headed hydra bites you!
You die...

.#.###......#
#..#........P
.
.........)..
..
#.........#
...
#.#.#....P#
....
#...#...#
#...#......#
#.>...#D...#
#.....@..<.#
#..#.>.#####
#......#
#.......
#...#...
....##....
.... ...##
.## ...P


You could see a four-headed hydra.

Vanquished Creatures
  Harold (D:11)
  2 two-headed ogres
  Pikel (D:9)
  A centaur zombie (D:10)
  Maurice (D:9)
  Joseph (D:10)
  2 gargoyles
  A komodo dragon (D:11)
  A hippogriff (D:11)
  Sigmund (D:5)
  A vampire (D:11)
  10 yaks
  2 wyverns
  2 wraiths
  Grum (D:8)
  A hungry ghost (D:8)
  2 wargs (D:11)
  Edmund (D:6)
  6 orc warriors
  3 slaves
  2 ice beasts
  3 sky beasts
  A black bear (D:10)
  3 phantoms
  2 necrophages (D:6)
  5 ogres
  4 centaurs
  A wolf (D:8)
  2 big kobolds
  8 bullfrogs
  2 gnoll sergeants (D:8)
  10 killer bees
  2 scorpions
  6 howler monkeys
  3 wights (D:11)
  3 crimson imps
  A quasit (D:11)
  11 hounds
  A bullfrog zombie (D:5)
  2 gnoll shamans (D:8)
  A jelly (D:5)
  5 orc priests
  Crazy Yiuf (D:4)
  2 bullfrog skeletons
  A centaur skeleton (D:5)
  13 orc wizards
  Natasha (thrice) (D:3)
  2 iguanas
  9 worker ants
  2 hound skeletons
  3 worker ant zombies
  11 gnolls
  7 adders
  4 shadow imps
  An adder skeleton (D:9)
  3 worms
  7 leopard geckos
  39 orcs
  5 giant cockroaches
  9 goblins
  8 hobgoblins
  8 jackals
  22 kobolds
  3 quokkas
  3 ball pythons
  2 ball python skeletons (D:4)
  8 bats
  2 frilled lizards (D:5)
  A jackal zombie (D:5)
  5 rats
303 creatures vanquished.

Vanquished Creatures (others)
  A plant (D:9)
1 creature vanquished.

Grand Total: 304 creatures vanquished

Notes
Turn   | Place    | Note
-------+----------+-------------------------------------------
     0 | D:1      | PentaManta the Octopode Assassin began the quest for the
                  | Orb.
     0 | D:1      | Reached XP level 1. HP: 14/14 MP: 1/1
   310 | D:1      | Reached XP level 2. HP: 16/19 MP: 2/2
   391 | D:1      | Reached XP level 3. HP: 20/24 MP: 3/3
  1304 | D:2      | Reached XP level 4. HP: 28/29 MP: 4/4
  1788 | D:3      | Reached skill level 1 in Shields
  1826 | D:3      | Reached XP level 5. HP: 34/34 MP: 5/5
  2053 | D:3      | You fall into a shaft and drop 1 floor!
  2080 | D:3      | Found a stormy altar of Qazlal.
  2277 | D:3      | Reached skill level 6 in Stealth
  2486 | D:3      | Noticed Natasha
  2494 | D:3      | Killed Natasha
  2494 | D:3      | Reached XP level 6. HP: 33/39 MP: 6/6
  2527 | D:3      | Noticed Natasha
  2542 | D:3      | Killed Natasha
  2624 | D:3      | Noticed Natasha
  2632 | D:3      | Killed Natasha
  2979 | D:5      | Entered Level 5 of the Dungeon
  3028 | D:5      | Found a staircase to the Ecumenical Temple.
  3045 | Temple   | Entered the Ecumenical Temple
  3294 | Temple   | Became a worshipper of Dithmenos the Shadowed
  3406 | D:5      | Reached XP level 7. HP: 45/45 MP: 7/7
  3578 | D:5      | Paralysed by a gnoll for 6 turns
  3590 | D:5      | Reached skill level 7 in Stealth
  3909 | D:4      | Found a runed translucent door.
  3910 | D:4      | Noticed Crazy Yiuf
  3929 | D:4      | Killed Crazy Yiuf
  4533 | D:5      | Reached XP level 8. HP: 42/50 MP: 8/8
  4646 | D:5      | Found a basalt altar of Yredelemnul.
  4716 | D:5      | Noticed Sigmund
  4739 | D:5      | Found a shimmering altar of Xom.
  4747 | D:5      | Killed Sigmund
  4892 | D:6      | Found Seuw's Gadget Shoppe.
  4904 | D:6      | Reached skill level 5 in Shields
  4924 | D:6      | Found Niolysox's Gadget Emporium.
  4933 | D:6      | Bought a wand of paralysis (11) for 195 gold pieces
  4982 | D:6      | Noticed Edmund
  5029 | D:6      | Killed Edmund
  5029 | D:6      | Reached skill level 8 in Stealth
  5110 | D:6      | Reached * piety under Dithmenos
  5291 | D:6      | Found Weobaobi's General Store.
  5307 | D:6      | Reached XP level 9. HP: 41/54 MP: 9/9
  5312 | D:6      | Bought a scroll of fear for 42 gold pieces
  5312 | D:6      | Found Fyakydgh's Weapon Shop.
  5489 | D:6      | Found Ravan's Antique Armour Shoppe.
  5684 | D:6      | Found a burning altar of Makhleb.
  5697 | D:6      | Reached skill level 5 in Short Blades
  6069 | D:7      | Reached skill level 9 in Stealth
  6075 | D:7      | Got a warped hunting sling
  6180 | D:7      | Found a sacrificial altar of Ru.
  6565 | D:8      | Found Luoqua Semibb's Armour Emporium.
  6648 | D:9      | Reached ** piety under Dithmenos
  6718 | D:8      | Noticed a gargoyle
  6725 | D:8      | Killed a gargoyle
  6860 | D:8      | Reached XP level 10. HP: 54/60 MP: 10/10
  6883 | D:9      | Noticed a two-headed ogre
  7062 | D:8      | Reached skill level 10 in Stealth
  7147 | D:8      | Noticed Pikel
  7237 | D:8      | Noticed Grum
  7240 | D:8      | Killed Grum
  7353 | D:9      | Killed Pikel
  7466 | D:8      | Identified the +1 robe of the Guardian {*Contam +Blink
                  | rPois}
  7898 | D:9      | Found a sparkling altar of Nemelex Xobeh.
  8013 | D:9      | Reached *** piety under Dithmenos
  8332 | D:9      | Noticed a two-headed hydra
  8570 | D:9      | Noticed Maurice
  8574 | D:9      | Killed Maurice
  8614 | D:10     | Entered Level 10 of the Dungeon
  8637 | D:10     | Reached skill level 11 in Stealth
  9189 | D:9      | Killed a two-headed ogre
  9189 | D:9      | Reached skill level 1 in Long Blades
  9302 | D:10     | Noticed Gastronok
  9354 | D:10     | Reached skill level 10 in Shields
  9354 | D:10     | Reached XP level 11. HP: 58/64 MP: 11/11
  9628 | D:10     | Found a staircase to the Orcish Mines.
 10013 | D:10     | Reached **** piety under Dithmenos
 10033 | D:10     | Noticed Joseph
 10063 | D:10     | Killed Joseph
 10464 | D:11     | Identified the cursed +2 hunting sling of the People
                  | {flame, +Blink rElec} (You found it on level 7 of the
                  | Dungeon)
 10643 | D:11     | Reached skill level 12 in Stealth
 11055 | D:9      | Reached ***** piety under Dithmenos
 11438 | D:11     | Noticed a two-headed ogre
 11446 | D:11     | Killed a two-headed ogre
 11537 | D:11     | Noticed Harold
 11576 | D:11     | Killed Harold
 11680 | D:11     | Found a staircase to the Lair.
 11882 | D:11     | Reached XP level 12. HP: 23/70 MP: 12/12
 12030 | D:11     | Learned a level 6 spell: Invisibility
 12043 | D:11     | Reached skill level 5 in Long Blades
 12132 | D:11     | Noticed a death knight
 12245 | D:11     | Found Jaodicoh's Gadget Shop.
 12319 | Lair:1   | Entered Level 1 of the Lair of Beasts
 12319 | Lair:1   | Noticed a four-headed hydra
 12330 | Lair:1   | Mangled by a four-headed hydra

Levels and vault maps discovered:
D:1:      dpeg_arrival_water_temple_mockup, layout_loops_cross
D:2:      layout_basic
D:3:      layout_basic, lemuel_doored_altar, minmay_quadrilaterals, uniq_natasha
D:4:      layout_basic, minmay_bisected, uniq_crazy_yiuf_cottage
D:5:      layout_loops_ring, lemuel_crystal_altar, temple_statues, first_ration,
          minmay_misc_feat_doors, tgw_xom, uniq_sigmund
D:6:      layout_gridville, serial_shops, kennysheep_little_box,
          nicolae_shop_crystal, shop, nicolae_shop_trees, shop,
          makhleb_blood_cavern_becter, uniq_edmund
D:7:      layout_basic, nicolae_ru_awakened_eye
D:8:      layout_cave_pools, serial_gnoll_camp, gnoll_camp_mini_hut,
          gnoll_camp_mini_shop, gnoll_camp_medium_01, gnoll_camp_mini_house,
          grums_kennel, uniq_pikel
D:9:      layout_irregular_city, nemelex_xobeh_ov_fountains_minmay,
          library_closet, hangedman_ranch [blue_anna_fruit_fields], eino_jars,
          uniq_maurice
D:10:     layout_gridville, erik_orc_4, uniq_joseph, uniq_gastronok
D:11:     layout_stronghold, erik_lair_orcish_takeover, serial_shops,
          kennysheep_mini, minmay_statues_item, minmay_fountain_box,
          feat_on_display, uniq_harold
Temple:   dpeg_five_rooms_temple
Lair:1:   layout_misc_corridors, serial_bayou_shore_b,
          infiniplex_staircase_pool_2, minmay_lair_oklob_chamber, uniq_urug

Skill      XL: |  1  2  3  4  5  6  7  8  9 10 11 12 |
---------------+-------------------------------------+-----
Dodging        | 9 |  9.4
Shields        | 1 2 3 4 6 7 10 11 | 11.8
Stealth        | 6 7 8 9 11 12 | 12.9
Short Blades   | 3 4 5 7 |  7.0
Long Blades    | 1 4 5 |  5.0
Fighting       | |  2.0
Throwing       | |  2.0

Action                   |  1- 3 |  4- 6 |  7- 9 | 10-12 || total
-------------------------+-------+-------+-------+-------++-------
Melee: Dagger            |    57 |   124 |   345 |   929 ||  1455
       Tentacles         |     8 |    23 |    80 |   255 ||   366
       Constrict         |    16 |    32 |    54 |    96 ||   198
       Scimitar          |       |       |       |    11 ||    11
       Falchion          |       |       |       |     5 ||     5
Throw: Dart              |       |    10 |    24 |    62 ||    96
 Abil: Evoke Flight      |       |       |       |     1 ||     1
Evoke: Wand              |       |       |     3 |    20 ||    23
  Use: Scroll            |     2 |     9 |     4 |    15 ||    30
       Potion            |     1 |     2 |     3 |     1 ||     7
 Stab: Sleeping          |     8 |     9 |     6 |    15 ||    38
       Distracted        |       |       |     2 |     1 ||     3
       Confused          |       |       |     1 |       ||     1
       Paralysed         |       |       |     1 |     2 ||     3
  Eat: Chunk             |     1 |     6 |    11 |    11 ||    29
       Ration            |       |       |       |     2 ||     2
Armor: Skin              |     3 |     4 |    24 |    39 ||    70
Dodge: Dodged            |    33 |    73 |   184 |   404 ||   694
Block: Shield            |     8 |    37 |   149 |   394 ||   588
       Rpst.: Scimitar   |       |       |       |     2 ||     2
       Falchion          |       |       |       |     1 ||     1
